 Dungeon Crawl Stone Soup version 0.32-a0-422-g28b100f618 (webtiles) character file.

Game seed: 16903021860619537703

220 adelrune the Covered (level 5, 0/45 HPs)
             Began as an Armataur Fighter on Feb 21, 2024.
             Was a High Priest of Ignis.
             Succumbed to Crazy Yiuf's poison
             ... on level 3 of the Dungeon.
             The game lasted 00:04:12 (1843 turns).

adelrune the Covered (Armataur Fighter)             Turns: 1843, Time: 00:04:13

Health: 0/45       AC:  8    Str: 23    XL:     5   Next: 64%
Magic:  5/5        EV:  7    Int:  9    God:    Ignis [*****.]
Gold:   82         SH:  4    Dex:  9    Spells: 4/4 levels left

rFire   + + .        a - +0 flail
rCold   . . .        c - +0 buckler
rNeg    . . .        b - +0 scale mail
rPois   .            n - +0 helmet
rElec   .            (no cloak)
rCorr   .            (no gloves)
SInv    .            (no barding)
Will    .....        (no amulet) Stlth
                     e - ring of protection from fire
HPRegen 0.27/turn    (no ring)
MPRegen 0.09/turn

%: roll
@: mighty, lethally poisoned (0 -> -12), weak-willed
A: large, deformed body, tough skin 3, armoured tail, roll 1
a: Renounce Religion, Fiery Armour, Foxfire Swarm, Rising Flame


You were on level 3 of the Dungeon.
You worshipped Ignis.
Ignis was extremely pleased with you.
You visited 1 branch of the dungeon, and saw 3 of its levels.

You collected 82 gold pieces.

Inventory:

Hand Weapons
 a - a +0 flail (weapon)
Armour
 b - a +0 scale mail (worn)
 c - a +0 buckler (worn)
 n - a +0 helmet (worn)
Jewellery
 e - a ring of protection from fire (left hand)
Scrolls
 f - 2 scrolls of identify {unknown}
 h - a scroll of butterflies {unknown}
 i - a scroll of noise {unknown}
 m - a scroll of fear {unknown}
Potions
 g - a potion of degeneration {unknown}
 j - a potion of brilliance {unknown}
 k - a potion of curing {unknown}
 l - a potion of attraction {unknown}


   Skills:
 + Level 3.5 Fighting
 * Level 3.6 Maces & Flails
 + Level 4.7 Armour
 + Level 4.2 Shields


You had 4 spell levels left.
You didn't know any spells.
Your spell library contained the following spells:

 Spells                   Type           Power      Damage    Failure   Level
 Foxfire                  Conj/Fire      0%         2x1d4     75%         1
 Freeze                   Ice            0%         1d3       75%         1
 Frozen Ramparts          Ice            0%         1d1       98%         3
 Hailstorm                Conj/Ice       0%         3d5       98%         3
 Plasma Beam              Fire/Air       0%         2x1d10    100%        6
 Starburst                Conj/Fire      0%         6d3       100%        6


Dungeon Overview and Level Annotations

Branches:
Dungeon (3/15)

Altars:
Ignis


Innate Abilities, Weirdness & Mutations

Armour fits poorly on your strangely shaped body.
You have extremely tough skin. (AC +3)
You have a long armoured tail.
You regenerate magic when rolling toward enemies. (Rampage MPRegen)


Message History

The adder bites you. You block the adder's attack.
You miss the adder.
The adder is almost dead.
The adder bites you.
You closely miss the adder.
The adder is almost dead.
The adder bites you but does no damage. The adder bites you.
You sock the adder!
You kill the adder!
You see here a +0 helmet.
n - a +0 helmet You start putting on your armour.
You continue putting on your +0 helmet. x4
You finish putting on your +0 helmet.
Found a hammer.
You see here a +0 hammer.
Found three hammers.
Found a runed translucent door.
Found a hammer.
Crazy Yiuf shouts!
Crazy Yiuf yells, "Shadow!
You aubergine return to song."
Found two hammers.
You feel very mighty all of a sudden.
You open the door. You thump Crazy Yiuf!
Crazy Yiuf is severely wounded.
Crazy Yiuf hits you with a +4 quarterstaff of chaos!
You are poisoned.
Crazy Yiuf hits you with a +4 quarterstaff of chaos!
You are lethally poisoned!
You closely miss Crazy Yiuf.
Crazy Yiuf is severely wounded.
You feel extremely sick.
Crazy Yiuf hits you with a +4 quarterstaff of chaos!
* * * LOW HITPOINT WARNING * * *
Your willpower is stripped away!
You thump Crazy Yiuf!
You kill Crazy Yiuf!
* * * LOW HITPOINT WARNING * * *
You feel very sick.
You die...
Ignis goes out, and joins you in death.

.........#...##....#..
......................
.....##########....#..
##### #....#..
#.......
#######....#.. ####
###.#.#.#....#..
#รท))##..#)......###..
#.))@.####......# #..
#)).### ##..#.## ###
#### ######


There were no monsters in sight!

Vanquished Creatures
  Crazy Yiuf (D:3)
  Jessica (D:2)
  3 gnolls (D:3)
  4 adders
  2 dart slugs
  5 ball pythons
  6 endoplasms
  2 giant cockroaches
  9 goblins
  3 hobgoblins
  2 quokkas (D:2)
  5 bats
  4 frilled lizards
  7 kobolds
  6 rats
60 creatures vanquished.

Notes
Turn   | Place    | Note
-------+----------+-------------------------------------------
     0 | D:1      | adelrune the Armataur Fighter began the quest for the Orb.
     0 | D:1      | Reached XP level 1. HP: 18/18 MP: 1/1
   120 | D:1      | Reached XP level 2. HP: 25/25 MP: 2/2
   174 | D:1      | Found a faded altar of an unknown god.
   183 | D:1      | Prayed at the altar of an unknown god.
   183 | D:1      | Became a worshipper of Ignis, the Dying Flame
   445 | D:1      | Reached XP level 3. HP: 30/30 MP: 3/3
   785 | D:2      | Reached XP level 4. HP: 38/38 MP: 4/4
  1184 | D:2      | Noticed Jessica
  1191 | D:2      | Killed Jessica
  1569 | D:3      | Reached XP level 5. HP: 45/45 MP: 5/5
  1834 | D:3      | Found a runed translucent door.
  1835 | D:3      | Noticed Crazy Yiuf
  1842 | D:3      | Killed Crazy Yiuf
  1843 | D:3      | Succumbed to Crazy Yiuf's poison

Illustrated notes

Levels and vault maps discovered:
D:1:      dpeg_arrival_tiny_i, layout_basic, basic_ecumenical_altar
D:2:      minmay_alternating_diamond, layout_basic, uniq_jessica
D:3:      layout_rooms, lemuel_round_altar, serial_shops, shop_fountains,
          uniq_crazy_yiuf_cottage

Skill      XL: |  1  2  3  4 |
---------------+-------------+-----
Maces & Flails | 2 3 |  3.6
Armour         | 4 |  4.7
Fighting       | 3 |  3.5
Shields        | 4 |  4.2

Action                     |  1- 3 |  4- 6 || total
---------------------------+-------+-------++-------
  Melee: Flail             |    79 |    83 ||   162
         Tailslap          |    11 |    10 ||    21
    Use: Potion            |       |     1 ||     1
 Armour: Scale mail        |    42 |    74 ||   116
  Dodge: Dodged            |    34 |    23 ||    57
  Block: Buckler           |    18 |    22 ||    40

Table legend: (Time is in decaauts)
 A = Elapsed time spent in this place.
 B = Non-inter-level travel time spent in this place.
 C = Inter-level travel time spent in this place.
 D = Time resting spent in this place.
 E = Time spent auto-exploring this place.
 F = Levels seen in this place.
 G = Mean time per level.
                   A        B        C        D        E       F      G
               +--------+--------+--------+--------+--------+-----+--------+
         Total |   1888 |   1846 |     42 |    171 |   1213 |   3 |  629.3 |
       Dungeon |   1888 |   1846 |     42 |    171 |   1213 |   3 |  629.3 |
               +--------+--------+--------+--------+--------+-----+--------+

Top non-repeatable levels by time:
     D:2: 933 daAuts
     D:1: 652 daAuts
     D:3: 303 daAuts
